 Dungeon Crawl Stone Soup version 0.29-a0-1027-gcd8c55af63 (webtiles) character file.

Game seed: 2279820875859010416

1656 drugrobin the Magician (level 8, 0/62 (66) HPs)
             Began as a Demigod Hedge Wizard on Aug 13, 2022.
             Slain by a wight
             ... wielding a +3 great sword of freezing
              (17 damage)
             ... on level 6 of the Dungeon.
             The game lasted 00:17:17 (7494 turns).

drugrobin the Magician (Demigod Hedge Wizard)       Turns: 7494, Time: 00:17:20

HP:   0/62 (66)     AC:  8    Str: 19    XL:     8   Next: 41%
MP:   17/21         EV: 10    Int: 16    God:
Gold: 293           SH:  0    Dex: 13    Spells: 7/19 levels left

rFire   . . .      SeeInvis .   a - +5 spear (vorpal)
rCold   + . .      Faith    .   (no shield)
rNeg    . . .      Spirit   .   G - +1 scale mail {rC+}
rPois   .          Reflect  .   x - +0 helmet
rElec   .          Harm     .   (no cloak)
rCorr   .          Rampage  .   (no gloves)
Will    .....                   (no boots)
Stlth   ..........              (no amulet)
HPRegen 0.20/turn               (no ring)
MPRegen 0.17/turn               (no ring)

@: drained
A: high MP 1, forlorn, divine attributes
a: no special abilities


You were on level 6 of the Dungeon.
You visited 1 branch of the dungeon, and saw 6 of its levels.

You collected 293 gold pieces.

Inventory:

Hand Weapons
 a - a +5 vorpal spear (weapon)
 b - a +1 dagger of venom
 f - a +0 sling
 h - a +0 dagger
Missiles
 j - 8 javelins
 w - 14 poisoned darts
 C - a throwing net
Armour
 c - a +0 hat
 x - a +0 helmet (worn)
 y - a +0 robe
 G - a +1 scale mail of cold resistance (worn)
Magical Staves
 u - a staff of death
 z - a staff of fire
Jewellery
 E - a +4 ring of evasion
Wands
 q - a wand of polymorph (19)
Scrolls
 e - 2 scrolls of identify {unknown}
 i - 3 scrolls of enchant weapon {unknown}
 l - 2 scrolls of enchant armour {unknown}
 m - 2 scrolls of noise {unknown}
 v - a scroll of poison {unknown}
 A - 2 scrolls of fear {unknown}
 F - a scroll of butterflies {unknown}
 H - a scroll of blinking {unknown}
Potions
 d - a potion of magic
 g - a potion of haste {unknown}
 k - a potion of attraction {unknown}
 n - a potion of flight {unknown}
 o - a potion of berserk rage {unknown}
 p - 4 potions of cancellation {unknown}
 r - 2 potions of brilliance {unknown}
 s - 2 potions of curing
 t - 2 potions of heal wounds {unknown}
 B - 4 potions of degeneration {unknown}
 D - a potion of lignification {unknown}
 I - a potion of mutation {unknown}


   Skills:
 + Level 4.0 Fighting
 + Level 1.6 Armour
 - Level 1.7 Dodging
 - Level 1.7 Stealth
 + Level 6.4 Spellcasting
 + Level 6.3 Conjurations
 - Level 0.8 Summonings
 - Level 0.8 Translocations


You had 7 spell levels left.
You knew the following spells:

 Your Spells              Type           Power      Damage    Failure   Level
a - Magic Dart            Conj           100%       1d8       3%          1
b - Blink                 Tloc           14%        N/A       41%         2
c - Call Imp              Summ           7%         N/A       41%         2
d - Conjure Flame         Conj/Fire      15%        6-21      32%         3
e - Mephitic Cloud        Conj/Pois/Air  11%        N/A       45%         3
f - Slow                  Hex            20%        N/A       38%         1

Your spell library contained the following spells:

 Spells                   Type           Power      Damage    Failure   Level
 Call Canine Familiar     Summ           7%         N/A       65%         3
 Portal Projectile        Hex/Tloc       12%        N/A       71%         3
 Tukima's Dance           Hex            5%         N/A       77%         3
 Leda's Liquefaction      Hex/Erth       2%         N/A       99%         4
 Blade Hands              Tmut           2%         N/A       100%        5


Dungeon Overview and Level Annotations

Branches:
Dungeon (6/15)             Temple (0/1) D:5

Shops:
D:4 (


Innate Abilities, Weirdness & Mutations

You have an increased reservoir of magic. (+10% MP)
You shall have no god before yourself.
Your divine heritage dramatically boosts your attributes as you level up.


Message History

The wight is heavily damaged.
The wight hits you with a +3 great sword of freezing!!
You feel drained. The wight freezes you.
The wight hits you with a +3 great sword of freezing.
You feel drained.
You closely miss the wight.
The wight is heavily damaged.
The wight hits you with a +3 great sword of freezing!
* * * LOW HITPOINT WARNING * * *
The wight freezes you.
* * * LOW HITPOINT WARNING * * *
Unknown command.
Unknown command.
Unknown command.
Unknown command.
Unknown command.
Unknown command.
Aiming: Polymorph
Press: ? - help, Shift-Dir - straight line, f - you, p - wight
Okay, then.
Unknown command.
Unknown command.
Okay, then.
Unknown command.
Unknown command.
Okay, then.
Unknown command.
You feel better. The wight barely misses you.
Your magical contamination has completely faded away.
Unknown command.
Unknown command.
Casting: Slow (safe; 38% risk of failure)
Confirm with . or Enter, or press ? or * to list all spells.
Aiming: Magic Dart (safe; 3% risk of failure)
Press: ? - help, Shift-Dir - straight line, f/p - wight
Aim: a wight, wielding a +3 great sword of freezing and wearing a +0 robe (moderately damaged, 100% to hit)
The magic dart hits the wight.
The wight is heavily damaged.
The wight hits you with a +3 great sword of freezing!
You die...

##.....####...#
##...........(.####
...................
##.......##....###.
##.....###....#
#.............#
##.............#
.........z...##### .#
...#.....@...# ##.####
#.#.........# #.>...#
###...........# #.....#
..............# #.....#
#.......)..#######.....#
.###........)....[........#
..............######......#
#............# #.........#
..............# #.........#


You could see a wight.

Vanquished Creatures
  A steam dragon (D:6)
  A water moccasin (D:6)
  A sky beast (D:5)
  A black bear (D:4)
  A centaur (D:5)
  2 ogres (D:5)
  A phantom (D:5)
  A necrophage (D:5)
  2 scorpions
  A howler monkey (D:4)
  6 hounds
  A jelly (D:4)
  2 orc priests (D:5)
  Jessica (D:3)
  3 iguanas
  An orc wizard (D:5)
  Terence (D:3)
  Natasha (D:3)
  Robin (D:3)
  7 gnolls
  5 adders
  A worm (D:4)
  2 dart slugs
  16 orcs
  5 ball pythons
  7 bats
  7 endoplasms
  3 giant cockroaches
  8 hobgoblins
  5 jackals
  10 kobolds
  A quokka (D:3)
  8 frilled lizards
  25 goblins
  6 rats
145 creatures vanquished.

Vanquished Creatures (others)
  3 plants (D:3)
3 creatures vanquished.

Grand Total: 148 creatures vanquished

Notes
Turn   | Place    | Note
-------+----------+-------------------------------------------
     0 | D:1      | drugrobin the Demigod Hedge Wizard began the quest for the
                  | Orb.
     0 | D:1      | Reached XP level 1. HP: 14/14 MP: 6/6
   134 | D:1      | Reached skill level 1 in Conjurations
   881 | D:1      | Reached XP level 2. HP: 20/20 MP: 8/8
  2379 | D:3      | Reached XP level 3. HP: 26/26 MP: 10/10
  2882 | D:3      | Noticed Robin
  3051 | D:3      | Killed Robin
  3127 | D:3      | Noticed Natasha
  3135 | D:3      | Killed Natasha
  3136 | D:3      | Reached XP level 4. HP: 7/33 MP: 8/12
  3419 | D:3      | Learned a level 2 spell: Blink
  3422 | D:3      | Learned a level 2 spell: Call Imp
  3426 | D:3      | Learned a level 3 spell: Conjure Flame
  3616 | D:3      | Noticed Jessica
  3629 | D:3      | Killed Jessica
  3933 | D:3      | Noticed Terence
  3950 | D:3      | Killed Terence
  3951 | D:3      | Reached XP level 5. HP: 32/38 MP: 10/14
  4331 | D:4      | Learned a level 3 spell: Mephitic Cloud
  4626 | D:4      | Found Enanten's Weapon Boutique.
  4707 | D:4      | Learned a level 1 spell: Slow
  4790 | D:4      | Reached XP level 6. HP: 45/45 MP: 10/16
  4995 | D:4      | Reached skill level 5 in Spellcasting
  5284 | D:5      | Entered Level 5 of the Dungeon
  5305 | D:5      | Reached skill level 1 in Fighting
  5306 | D:5      | Reached XP level 7. HP: 52/52 MP: 11/18
  5388 | D:5      | Reached skill level 5 in Conjurations
  6354 | D:5      | Found a staircase to the Ecumenical Temple.
  6388 | D:5      | Reached XP level 8. HP: 25/63 MP: 14/20
  7156 | D:6      | Reached skill level 1 in Armour
  7494 | D:6      | Slain by a wight

Illustrated notes

Levels and vault maps discovered:
D:1:      wander_arrival_lonely_grave, layout_basic, minmay_vboxes
D:2:      layout_loops_corners, kennysheep_cluttered_room
D:3:      kennysheep_the_goblin_king, layout_basic, fedhas_altar_2,
          shapermc_ecumenical_altar_mp_ritualfount, hangedman_decor_slide_cut,
          uniq_robin, uniq_ijyb, uniq_natasha, uniq_terence, uniq_jessica
D:4:      layout_loops_ring, lemuel_tele_altar, serial_shops,
          nicolae_shop_bloodbath_and_beyond
D:5:      layout_loops_ring, mainiacjoe_overflow_boulevard,
          minmay_temple_entry_glass
D:6:      layout_rooms

Skill      XL: |  1  2  3  4  5  6  7  8 |
---------------+-------------------------+-----
Conjurations   | 1 2 3 4 5 6 |  6.3
Spellcasting   | 3 4 5 6 |  6.4
Fighting       | 1 3 4 |  4.0
Armour         | 1 |  1.6
Dodging        | |  1.7
Stealth        | |  1.7
Summonings     | |  0.8
Translocations | |  0.8

Action                   |  1- 3 |  4- 6 |  7- 9 || total
-------------------------+-------+-------+-------++-------
Melee: Spear             |    80 |   100 |   107 ||   287
       Dagger            |     3 |     9 |    26 ||    38
       Punch             |       |     1 |     2 ||     3
Throw: Dart              |       |     2 |       ||     2
 Cast: Magic Dart        |    64 |    50 |    55 ||   169
       Conjure Flame     |       |     3 |     1 ||     4
       Mephitic Cloud    |       |     3 |     6 ||     9
       Blink             |       |     1 |       ||     1
       Slow              |       |       |     3 ||     3
  Use: Potion            |       |       |     1 ||     1
 Stab: Sleeping          |     4 |       |     1 ||     5
       Confused          |       |     1 |     3 ||     4
Armor: Robe              |     5 |    13 |     9 ||    27
       Skin              |       |       |    65 ||    65
       Scale mail        |       |       |     6 ||     6
Dodge: Dodged            |    40 |    53 |    55 ||   148

Table legend: (Time is in decaauts)
 A = Elapsed time spent in this place.
 B = Non-inter-level travel time spent in this place.
 C = Inter-level travel time spent in this place.
 D = Time resting spent in this place.
 E = Time spent auto-exploring this place.
 F = Levels seen in this place.
 G = Mean time per level.
                   A        B        C        D        E       F      G
               +--------+--------+--------+--------+--------+-----+--------+
         Total |   7520 |   7200 |    320 |    525 |   5351 |   6 | 1253.3 |
       Dungeon |   7520 |   7200 |    320 |    525 |   5351 |   6 | 1253.3 |
               +--------+--------+--------+--------+--------+-----+--------+

Top non-repeatable levels by time:
     D:5: 2051 daAuts
     D:3: 1790 daAuts
     D:1: 1361 daAuts
     D:4: 1191 daAuts
     D:2: 957 daAuts
     D:6: 168 daAuts
